 Dungeon Crawl Stone Soup version 0.30.1-9-gdf580d7c3d (webtiles) character file.

Game seed: 9698285839842672522

1131 booth the Cleaver (level 8, -3/69 (71) HPs)
             Began as a Hill Orc Monk on Sept 28, 2023.
             Was a Believer of Beogh.
             Slain by a wight
             ... wielding a +2 hand axe
              (5 damage)
             ... on level 6 of the Dungeon.
             The game lasted 00:29:28 (4013 turns).

booth the Cleaver (Hill Orc Monk)                   Turns: 4013, Time: 00:29:29

HP:   -3/69 (71)    AC:  6    Str: 16    XL:     8   Next: 36%
MP:   11/11         EV: 13    Int: 10    God:    Beogh [**....]
Gold: 250           SH:  0    Dex: 13    Spells: 7/7 levels left

rFire   . . .        e - +1 hand axe (freeze)
rCold   . . .        d - orb {light}
rNeg    . . .        f - +1 leather armour
rPois   .            (helmet restricted)
rElec   .            (no cloak)
rCorr   .            i - +1 Delatra's gloves {ID++}
SInv    .            (no boots)
Will    .....        (no amulet)
Stlth   +            (no ring)
HPRegen 0.31/turn    (no ring)
MPRegen 0.12/turn

%: no passive effects
@: brilliant, weak-willed, glowing, lightly drained
A: horns 1, mutation resistance 1, screaming 1
a: Renounce Religion, Smiting


You were on level 6 of the Dungeon.
You worshipped Beogh.
Beogh was pleased with you.
You visited 1 branch of the dungeon, and saw 6 of its levels.
You also visited: Sewer.

You collected 250 gold pieces.

Inventory:

Hand Weapons
 e - a +1 hand axe of freezing (weapon)
 h - a +0 heavy mace
Missiles
 t - 3 curare-tipped darts (quivered)
Armour
 d - an orb of light (worn)
 f - a +1 leather armour (worn)
 i - the +1 Delatra's gloves (worn) {ID++}
   (You found it on level 2 of the Dungeon)

   ID++:      It heals its wearer when they drink unknown potions, and restores
   their MP when they read unknown scrolls.
 s - a +0 helmet
Wands
 o - a wand of paralysis (12)
 r - a wand of flame (4)
Scrolls
 j - 2 scrolls of poison
 q - 2 scrolls of enchant armour
 u - a scroll of fear
Potions
 a - 4 potions of curing
 b - 2 potions of might
 c - a potion of ambrosia
 g - a potion of invisibility
 n - a potion of magic
 v - a potion of haste


   Skills:
 + Level 6.4 Fighting
 * Level 8.9 Axes
 + Level 4.3 Dodging
 + Level 5.1 Invocations


You had 7 spell levels left.
You didn't know any spells.
Your spell library contained the following spells:

 Spells                   Type           Power      Damage    Failure   Level
 Kiss of Death            Conj/Necr      0%         2d5       43%         1
 Ensorcelled Hibernation  Hex/Ice        0%         N/A       56%         2
 Sublimation of Blood     Necr           0%         N/A       56%         2
 Wereblood                Tmut           0%         N/A       56%         2
 Confusing Touch          Hex            0%         N/A       80%         3
 Spider Form              Tmut/Pois      0%         N/A       80%         3
 Anguish                  Hex/Necr       0%         N/A       99%         4
 Dispel Undead            Necr           0%         3d6       99%         4
 Summon Hydra             Summ           0%         N/A       100%        7


Dungeon Overview and Level Annotations

Branches:
Dungeon (6/15)             Temple (0/1) D:5           Sewer (visited)

Altars:
Cheibriados
Zin

Shops:
D:1 ?   D:2 =

Annotations:
D:3 3 runed translucent doors, Rem's ghost, amateur OpCj


Innate Abilities, Weirdness & Mutations

You have a pair of small horns on your head.
You are somewhat resistant to further mutation.
You occasionally shout uncontrollably at your foes.


Message History

You hit the wight.
The wight is lightly damaged.
You slash the gnoll! You freeze the gnoll.
You kill the gnoll!
Beogh accepts your kill.
You barely miss the wight. You headbutt the wight.
The wight is moderately damaged.
You feel yourself slow down. The wight hits you but does no damage.
You hit the wight.
The wight is moderately damaged.
You hit the gnoll. You freeze the gnoll. The wight closely misses you.
The gnoll barely misses you.
You hit the wight.
You headbutt the wight, but do no damage.
The wight is heavily damaged.
You hit the gnoll. You freeze the gnoll. You hit the wight but do no damage.
The wight hits you with a +0 dagger! The wight hits you with a +4 flail!
You feel drained. The gnoll barely misses you.
You hit the wight but do no damage. Your headbutt misses the wight.
The wight is heavily damaged.
You hit the gnoll. You freeze the gnoll. You hit the wight but do no damage.
You barely miss the wight. Your headbutt misses the wight.
The wight is heavily damaged.
You hit the gnoll. You freeze the gnoll.
You kill the gnoll!
Beogh accepts your kill.
You barely miss the wight. The wight hits you with a +4 flail!
* * * LOW HITPOINT WARNING * * *
You hit the wight but do no damage. You headbutt the wight.
The wight is severely damaged.
You hit the wight. The wight hits you with a +4 flail.
* * * LOW HITPOINT WARNING * * *
You hit the wight but do no damage.
The wight is severely damaged.
You hit the wight but do no damage. You hit the wight.
The wight hits you with a +0 dagger.
* * * LOW HITPOINT WARNING * * *
The wight closely misses you. The wight hits you with a +2 hand axe.
You die...

####### ##.....##
##.z@§b..##
#§§zzz§...#
#§§§§§§§..#
#§§§b§§...#
#§§§bb[§..#
#zb.b(b...#
##########zb.b.b...#
.g.g.g...gzc...b...#
......b.g#.........#


You could see 4 wights.

Vanquished Creatures
  A water moccasin (D:6)
  Pargi (Sewer)
  A black bear (D:6)
  A centaur (D:6)
  2 ogres (D:5)
  2 phantoms
  A wight (D:6)
  A jelly (D:5)
  2 hounds (D:5)
  A gnoll bouda (D:5)
  3 orc wizards
  5 adders
  6 gnolls
  A white imp (D:5)
  An ufetubus (D:6)
  2 worms
  4 dart slugs
  6 orcs
  11 endoplasms
  2 giant cockroaches
  5 goblins
  5 hobgoblins
  6 jackals (D:1)
  6 kobolds
  5 quokkas
  9 ball pythons
  5 bats
  7 frilled lizards
  6 rats
108 creatures vanquished.

Vanquished Creatures (others)
  An orc priest (D:5)
  2 orc wizards (D:5)
  An adder (D:5)
  4 orcs (D:5)
8 creatures vanquished.

Grand Total: 116 creatures vanquished

Notes
Turn   | Place    | Note
-------+----------+-------------------------------------------
     0 | D:1      | booth the Hill Orc Monk began the quest for the Orb.
     0 | D:1      | Reached XP level 1. HP: 19/19 MP: 1/1
    99 | D:1      | Reached XP level 2. HP: 23/27 MP: 2/2
   443 | D:1      | Found Byokidung's Magic Scroll Shoppe.
   534 | D:1      | Reached XP level 3. HP: 30/33 MP: 3/3
   852 | D:2      | Reached skill level 1 in Invocations
  1049 | D:2      | Found the +1 Delatra's gloves {ID++}
  1053 | D:2      | Reached skill level 5 in Axes
  1055 | D:2      | Reached XP level 4. HP: 32/41 MP: 4/4
  1240 | D:2      | Found Esedoten's Jewellery Boutique.
  1256 | D:2      | Found a faded altar of an unknown god.
  1509 | D:2      | Reached XP level 5. HP: 47/47 MP: 6/6
  1827 | D:3      | Found a snail-covered altar of Cheibriados.
  1829 | D:3      | Found a glowing silver altar of Zin.
  1933 | D:3      | Reached skill level 6 in Axes
  2106 | D:3      | Found a runed translucent gate.
  2106 | D:3      | Found a runed translucent gate.
  2106 | D:3      | Found a runed translucent gate.
  2243 | D:3      | Noticed Rem's ghost (amateur OpCj)
  2730 | D:5      | Entered Level 5 of the Dungeon
  2833 | D:5      | Reached XP level 6. HP: 55/55 MP: 7/7
  2834 | D:5      | Found a staircase to the Ecumenical Temple.
  2849 | D:5      | Reached skill level 5 in Fighting
  3035 | D:5      | Became a worshipper of Beogh the Brigand
  3035 | D:5      | Reached * piety under Beogh
  3035 | D:5      | Reached ** piety under Beogh
  3052 | D:5      | Reached skill level 7 in Axes
  3211 | D:5      | Reached XP level 7. HP: 61/61 MP: 9/9
  3598 | D:6      | Gained mutation: You occasionally shout uncontrollably at
                  | your foes. [potion of mutation]
  3598 | D:6      | Gained mutation: You have a pair of small horns on your
                  | head. [potion of mutation]
  3598 | D:6      | Gained mutation: You are somewhat resistant to further
                  | mutation. [potion of mutation]
  3694 | D:6      | Found a glowing drain.
  3718 | Sewer    | Entered a sewer
  3739 | Sewer    | Noticed Pargi
  3747 | Sewer    | Killed Pargi
  3748 | Sewer    | Reached skill level 8 in Axes
  3950 | D:6      | HP: 3/63 [centaur/arrow (8)]
  3958 | D:6      | Reached XP level 8. HP: 44/70 MP: 11/11
  4004 | D:6      | Reached skill level 5 in Invocations
  4013 | D:6      | HP: 2/69 [wight/+0 dagger (2)]
  4013 | D:6      | Slain by a wight

Illustrated notes

Levels and vault maps discovered:
D:1:      tarquinn_simple_flora_water_d, layout_basic, serial_shops, shop,
          minmay_misc_feat_encased
D:2:      layout_loops_cross, shapermc_ecumenical_altar_gd, serial_glass,
          glass_columns_b, glass_columns_b, feat_on_display, item_on_display_a,
          serial_shops, shop, chequers_serial_rivers_micro_d,
          pf_guarded_unrand_delatra
D:3:      layout_loops_ring, nicolae_overflow_hidden_temple,
          gammafunk_ghost_icy, uniq_grinder
D:4:      layout_basic
D:5:      layout_basic, minmay_temple_entry_slanted
D:6:      layout_rooms, portal_sewer_entry_d

Skill      XL: |  1  2  3  4  5  6  7  8 |
---------------+-------------------------+-----
Fighting       | 4 5 6 |  6.4
Invocations    | 1 2 3 4 5 |  5.1
Axes           | 5 6 7 8 |  8.9
Dodging        | 3 4 |  4.3

Action                     |  1- 3 |  4- 6 |  7- 9 || total
---------------------------+-------+-------+-------++-------
  Melee: Hand axe          |    96 |   117 |    76 ||   289
         Headbutt          |       |       |     9 ||     9
  Throw: Dart              |       |       |     2 ||     2
 Invoke: Convert to Beogh  |       |     1 |       ||     1
  Evoke: Wand              |       |     9 |     5 ||    14
    Use: Scroll            |     1 |     4 |     6 ||    11
         Potion            |       |     1 |     6 ||     7
 Armour: Robe              |     8 |       |       ||     8
         Leather armour    |     3 |    30 |    17 ||    50
  Dodge: Dodged            |    47 |    70 |    80 ||   197
